 Dungeon Crawl Stone Soup version 0.24-a0-479-g9a978d2894 (webtiles) character file.

Game seed: 15432801837942060784

217448 Murumi the Severer (level 18, -3/172 HPs)
             Began as a Hill Orc Fighter on July 6, 2019.
             Was the Champion of Beogh.
             Killed from afar by a purple draconian (37 damage)
             ... with a bolt of dispelling energy
             ... in a wizard's laboratory on July 7, 2019.
             The game lasted 02:56:02 (39285 turns).

Murumi the Severer (Hill Orc Fighter)              Turns: 39285, Time: 02:56:03

Health: -3/172     AC: 25    Str: 21    XL:     18   Next: 58%
Magic:  27/27      EV: 10    Int: 24    God:    Beogh [******]
Gold:   1055       SH: 19    Dex: 12    Spells: 14/17 levels left

rFire    x . .     SeeInvis +   a - +2 broad axe of the Butterfly {chop, rPois rC- Int+10}
rCold    + + .     Gourm    .   c - +0 shield
rNeg     + . .     Faith    .   M - +1 plate armour {rN+}
rPois    +         Spirit   .   Z - +1 hat "Beile" {rF- rC++ rCorr Dex+2}
rElec    .         Reflect  +   X - +0 cloak {rC+}
rCorr    +         Harm     .   L - +0 pair of gloves (curse)
MR       +....                  D - +1 pair of boots
Stlth    ..........             z - +5 amulet of reflection
HPRegen  0.38/turn              G - +4 ring of slaying
MPRegen  0.20/turn              T - ring of see invisible

@: lethally poisoned (-3 -> -3)
A: walk on water
}: 2/15 runes: barnacled, gossamer
a: Smiting, Recall Orcish Followers, Give Item to Named Follower, Resurrection,
Renounce Religion


You were in a wizard's laboratory.
You worshipped Beogh.
Beogh was exalted by your worship.
You were not hungry.

You visited 6 branches of the dungeon, and saw 32 of its levels.
You also visited: Ice Cave and Wizlab.

You collected 2823 gold pieces.
You spent 1768 gold pieces at shops.

Inventory:

Hand Weapons
 a - the +2 broad axe of the Butterfly (weapon) {chop, rPois rC- Int+10}
   (You acquired it on level 1 of the Shoals)

   It inflicts extra damage upon your enemies.
   It affects your intelligence (+10).
   It makes you vulnerable to cold.
   It protects you from poison.
 p - a +2 war axe of flaming
Armour
 c - a +0 shield (worn)
 D - a +1 pair of boots (worn)
 L - a cursed +0 pair of gloves (worn)
 M - a +1 plate armour of positive energy (worn)
 X - a +0 cloak of cold resistance (worn)
 Z - the +1 hat "Beile" (worn) {rF- rC++ rCorr Dex+2}
   (You bought it in a shop on level 2 of the Orcish Mines)

   It affects your dexterity (+2).
   It makes you vulnerable to fire.
   It greatly protects you from cold.
   It provides partial protection from all sources of acid and corrosion.
Jewellery
 u - an uncursed ring of protection from cold
 z - a +5 amulet of reflection (around neck)
 G - a +4 ring of slaying (left hand)
 N - an uncursed ring of poison resistance
 Q - a +3 ring of strength
 T - a ring of see invisible (right hand)
Wands
 d - a wand of acid (5)
 f - a wand of flame (36)
 r - a wand of digging (7)
 v - a wand of iceblast (20)
 A - a wand of disintegration (24)
 E - a wand of paralysis (30)
 J - a wand of polymorph (27)
 R - a wand of enslavement (23)
Scrolls
 j - 16 scrolls of remove curse
 k - 2 scrolls of enchant weapon
 m - 5 scrolls of blinking
 n - 14 scrolls of teleportation
 q - 6 scrolls of magic mapping
 s - 5 scrolls of fog
 w - 4 scrolls of enchant armour
 y - 16 scrolls of identify
 K - 4 scrolls of amnesia
 S - 3 scrolls of fear
 W - 2 scrolls of summoning
 Y - a scroll of holy word
Potions
 b - a potion of resistance
 g - 3 potions of mutation
 h - 3 potions of flight
 l - 11 potions of curing
 o - 6 potions of ambrosia
 t - 2 potions of invisibility
 x - a potion of cancellation
 C - 7 potions of brilliance
 F - a potion of might
 H - a potion of berserk rage
 O - 3 potions of haste
 U - 3 potions of agility
Miscellaneous
 I - a lightning rod (4/4)
 P - a lamp of fire
 V - a fan of gales
Comestibles
 e - 46 rations


   Skills:
 - Level 18.0 Fighting
 - Level 19.0 Axes
 - Level 16.0 Armour
 - Level 6.0 Dodging
 + Level 15.2 Shields
 - Level 12.0 Invocations
 - Level 9.1 Evocations


You had 14 spell levels left.
You knew the following spells:

 Your Spells              Type           Power        Failure   Level  Hunger
a - Apportation           Tloc           #.....       80%         1    ##.....
b - Blink                 Tloc           N/A          91%         2    ###....

Your spell library contained the following spells:

 Spells                   Type           Power        Failure   Level  Hunger
 Animate Skeleton         Necr           N/A          80%         1    ##.....
 Confusing Touch          Hex            #.....       80%         1    ##.....
 Magic Dart               Conj           #...         80%         1    ##.....
 Pain                     Necr           #...         80%         1    ##.....
 Sandblast                Erth           #.....       80%         1    ##.....
 Summon Butterflies       Summ           #.......     80%         1    ##.....
 Summon Small Mammal      Summ           #...         80%         1    ##.....
 Call Imp                 Summ           #.......     91%         2    ###....
 Passwall                 Tmut/Erth      #.......     91%         2    ###....
 Slow                     Hex            #.......     91%         2    ###....
 Conjure Flame            Conj/Fire      #.......     99%         3    ####...
 Lesser Beckoning         Tloc           #.........   99%         3    ####...
 Mephitic Cloud           Conj/Pois/Air  #.......     99%         3    ####...
 Regeneration             Chrm/Necr      #.........   99%         3    ####...
 Stone Arrow              Conj/Erth      #.....       99%         3    ####...
 Tukima's Dance           Hex            #.......     99%         3    ####...
 Vampiric Draining        Necr           #.........   99%         3    ####...
 Animate Dead             Necr           N/A          100%        4    #####..
 Petrify                  Tmut/Erth      #.......     100%        4    #####..
 Alistair's Intoxication  Tmut/Pois      #.......     100%        5    ######.
 Irradiate                Conj/Tmut      #.........   100%        5    ######.
 Lee's Rapid Deconstruct  Erth           #.........   100%        5    ######.
 Hydra Form               Tmut           #.........   100%        6    #######
 Invisibility             Hex            #.......     100%        6    #######
 Statue Form              Tmut/Erth      #........    100%        6    #######
 Dragon Form              Tmut           #.........   100%        7    #######


Dungeon Overview and Level Annotations

Branches:
Dungeon (15/15)            Temple (0/1) D:4            Lair (6/6) D:9
 Shoals (4/4) Lair:3       Spider (4/4) Lair:3        Slime (0/5) Lair:5
    Orc (2/2) D:11            Elf (1/3) Orc:2        Vaults (0/5) D:13
 Depths (0/5) D:15

Altars:
Gozag
Xom
Beogh
Jiyva

Shops:
D:5 *   D:10 !   D:12 }   Orc:2 [%[?

Annotations:
D:10 3 runed translucent doors, iamserjio's ghost, journeyman OpWn


Message History

You feel sick.
You feel sick.
The purple draconian breathes dispelling energy at you.
The bolt of dispelling energy hits you!!!
* * * LOW HITPOINT WARNING * * *
You feel sick.
There is an empty arch of ancient stone here.
You start resting.
The purple draconian is too close now for your liking.
You completely miss the purple draconian.
The purple draconian is lightly wounded.
You block the purple draconian's attack.
You feel much better.
You feel sick. The purple draconian barely misses you.
You slash the purple draconian!
The purple draconian is moderately wounded.
You hit the purple draconian but do no damage.
The purple draconian is moderately wounded.
The purple draconian breathes dispelling energy at you.
The bolt of dispelling energy hits you!!!
You die...

#.#..........#.#
##............## .
#.##.§.........#.#
#..§...)........#.
#§...)).........
#§§....e........
#§.........e....
#§###d#..........
#∩ #@#.#.#.#.#.#.#
##§§#d#.#.#.#.#.##
################


You could see a purple draconian.

Vanquished Creatures
  Rupert (Lair:6)
  A kraken (Shoals:2)
  Frances (Spider:2)
  2 emperor scorpions
  A frost giant (Shoals:4)
  3 ghost moths
  A reaper (IceCv)
  Nessos (D:12)
  2 purple draconians (WizLab)
  A statue (WizLab)
  A spark wasp (Spider:4)
  A merfolk javelineer (Shoals:4)
  2 merfolk impalers
  Josephine (D:11)
  A fire dragon (D:15)
  Harold (D:7)
  A rakshasa (D:15)
  3 vault guards (D:13)
  A hydra (D:14)
  2 merfolk aquamancers
  A catoblepas (Lair:3)
  2 centaur warriors
  An ice dragon (D:12)
  4 merfolk avatars
  A death knight (D:13)
  12 two-headed ogres
  3 dancing weapons (Elf:1)
  The ghost of valeric the Cleaver, a novice HOFi of Makhleb (D:9)
  A death yak (D:9)
  4 ogre magi (Orc:2)
  Nergalle (Lair:2)
  3 skeletal warriors (D:13)
  A glowing orange brain (D:15)
  An unseen horror (D:10)
  10 orb spiders
  10 sea snakes
  8 harpies
  6 deep elf magi
  2 phantasmal warriors (D:13)
  An ugly thing (D:15)
  2 orc sorcerers (Orc:2)
  3 fauns (Shoals:2)
  7 manticores
  20 wolf spiders
  A salamander (shapeshifter) (D:15)
  A moth of wrath (Spider:4)
  4 cyclopes
  5 merfolk sirens
  An elephant (D:9)
  2 gargoyles
  12 spiny frogs
  8 water nymphs
  6 komodo dragons
  2 ice statues (IceCv)
  A torpor snail (Lair:5)
  A komodo dragon (shapeshifter) (Elf:1)
  5 demonic crawlers
  2 freezing wraiths
  A rime drake (shapeshifter) (D:15)
  3 rime drakes
  11 ice devils (IceCv)
  5 trolls
  2 tengu conjurers (D:14)
  13 merfolk
  A tyrant leech (Lair:6)
  15 jumping spiders
  11 polar bears
  A raiju (Lair:6)
  4 wind drakes
  3 meliai (D:13)
  Grinder (D:5)
  3 hornets (Spider:4)
  8 blink frogs
  9 slime creatures
  8 dream sheep
  5 hippogriffs
  5 snapping turtles
  2 shadows
  6 wyverns
  51 redbacks
  A spriggan (shapeshifter) (D:15)
  A spriggan (D:7)
  6 wraiths
  3 water elementals
  15 tarantellas
  2 vampires
  27 yaks
  A basilisk (Lair:4)
  A hungry ghost (D:15)
  4 vampire mosquitoes
  6 wargs
  Edmund (D:5)
  14 water moccasins
  12 hell hounds (Lair:6)
  4 porcupines
  3 ice beasts
  A sky beast (shapeshifter) (D:14)
  5 orc warriors
  A black bear (shapeshifter) (D:15)
  10 sky beasts
  13 black bears
  5 phantoms
  18 ogres
  14 crocodiles
  10 centaurs
  22 wolves
  2 big kobolds
  An earth elemental (Elf:1)
  10 bullfrogs
  A gnoll sergeant (D:11)
  A wyvern skeleton (D:10)
  4 scorpions
  11 killer bees
  9 wights
  2 howler monkeys (D:9)
  2 electric eels
  5 crimson imps
  2 quasits (D:10)
  3 centaur zombies
  3 bullfrog zombies
  9 orc priests
  5 centaur skeletons
  2 bullfrog skeletons
  7 hounds
  4 jellies
  6 iguanas
  7 orc wizards
  10 worker ants
  2 hound zombies
  A howler monkey zombie (D:7)
  A worker ant zombie (D:10)
  A howler monkey skeleton (D:6)
  12 gnolls
  10 adders
  13 white imps (IceCv)
  5 ufetubi (IceCv)
  An ooze (D:6)
  An adder zombie (D:6)
  2 worms (D:3)
  3 dart slugs
  4 leopard geckos
  44 orcs
  2 bats
  7 giant cockroaches
  8 goblins
  3 hobgoblins
  11 jackals
  3 quokkas
  A ball python (D:4)
  A frilled lizard (D:2)
  A jackal skeleton (D:7)
  22 kobolds
  A leopard gecko zombie (D:8)
  A quokka skeleton (D:6)
  10 rats
  3 fungi
  7 plants
  2 tentacles (Shoals:2)
841 creatures vanquished.

Vanquished Creatures (collateral kills)
  Mara (Spider:4)
  Jorgrun (Elf:1)
  Roxanne (D:15)
  Aizul (Spider:3)
  3 emperor scorpions (Spider:4)
  An entropy weaver (Spider:3)
  A spark wasp (Spider:4)
  A merfolk javelineer (Shoals:3)
  8 merfolk impalers
  5 vault guards (D:13)
  A hydra (D:15)
  A merfolk aquamancer (Shoals:4)
  A centaur warrior (D:15)
  4 two-headed ogres
  2 tengu warriors (D:13)
  2 orc high priests (Orc:2)
  2 deep elf knights (Elf:1)
  2 skeletal warriors (D:13)
  An unseen horror (D:12)
  3 sea snakes
  10 wolf spiders
  6 harpies (Shoals:1)
  12 orb spiders
  An oklob plant (Lair:6)
  3 deep elf magi (Elf:1)
  6 manticores
  A centaur zombie (D:15)
  A moth of wrath (Spider:2)
  A faun (Shoals:1)
  10 cyclopes
  4 merfolk sirens
  2 water nymphs
  A black mamba (Lair:6)
  3 spiny frogs
  6 demonic crawlers
  A rime drake (Lair:5)
  A komodo dragon (shapeshifter) (Elf:1)
  2 komodo dragons
  3 trolls
  9 merfolk
  15 jumping spiders
  4 wind drakes
  A jumping spider (shapeshifter) (D:15)
  2 hornets
  A tyrant leech (shapeshifter) (D:15)
  5 dream sheep
  4 slime creatures
  3 snapping turtles
  A shadow (D:15)
  41 redbacks
  2 wraiths (D:11)
  A wyvern (Lair:5)
  13 tarantellas
  5 yaks
  A water elemental (Shoals:1)
  A human (shapeshifter) (D:15)
  A fire elemental (Elf:1)
  3 vampire mosquitoes
  3 basilisks
  An acid dragon (D:15)
  4 hell hounds (Lair:6)
  7 orc warriors
  A sky beast (D:14)
  11 ogres
  A wolf (Lair:6)
  2 centaurs (D:15)
  A scorpion (D:11)
  3 killer bees (D:12)
  A crimson imp (D:15)
  A jelly (D:11)
  6 orc priests
  6 orc wizards
  An adder (D:11)
  10 orcs
  3 kobolds
  3 fungi
  17 plants
311 creatures vanquished.

Vanquished Creatures (others)
  7 orc knights
  3 orc high priests
  A satyr (Shoals:2)
  A faun (Shoals:2)
  An orc sorcerer (Orc:2)
  11 orc priests
  A jumping spider (Spider:3)
  13 orc warriors
  A tarantella (Spider:2)
  A centaur simulacrum (D:15)
  A water moccasin (Lair:4)
  A wolf (Lair:6)
  4 centaurs
  18 orc wizards
  2 ufetubi (IceCv)
  34 orcs
  A fungus (Shoals:1)
  11 plants
  5 tentacles (Shoals:2)
117 creatures vanquished.

Grand Total: 1269 creatures vanquished

Notes
Turn   | Place    | Note
-------+----------+-------------------------------------------
     0 | D:1      | Murumi the Hill Orc Fighter began the quest for the Orb.
     0 | D:1      | Reached XP level 1. HP: 19/19 MP: 1/1
   112 | D:1      | Reached skill level 3 in Axes
   244 | D:1      | Reached XP level 2. HP: 26/27 MP: 2/2
   934 | D:2      | Reached skill level 4 in Axes
   934 | D:2      | Reached XP level 3. HP: 32/33 MP: 3/3
  1603 | D:2      | Learned a level 1 spell: Apportation
  1686 | D:2      | Reached skill level 1 in Dodging
  2084 | D:3      | Noticed a centaur
  2093 | D:3      | Killed a centaur
  2093 | D:3      | Reached skill level 6 in Axes
  2093 | D:3      | Reached XP level 4. HP: 15/40 MP: 4/4
  2093 | D:3      | Reached XP level 5. HP: 17/46 MP: 5/5
  2626 | D:3      | Reached XP level 6. HP: 52/52 MP: 6/6
  3272 | D:4      | Reached skill level 5 in Fighting
  3306 | D:4      | Found a staircase to the Ecumenical Temple.
  3453 | D:4      | Became a worshipper of Beogh the Brigand
  3524 | D:4      | Noticed a sky beast
  3554 | D:4      | Killed a sky beast
  3819 | D:4      | Reached skill level 7 in Axes
  3819 | D:4      | Reached XP level 7. HP: 33/63 MP: 7/7
  4172 | D:5      | Entered Level 5 of the Dungeon
  4585 | D:5      | Found Gozag's Platinum Reserve.
  4622 | D:5      | Reached skill level 5 in Armour
  4907 | D:5      | Reached XP level 8. HP: 63/70 MP: 8/8
  4955 | D:5      | Reached skill level 5 in Shields
  5223 | D:5      | Found an opulent altar of Gozag.
  5321 | D:5      | Noticed Grinder
  5329 | D:5      | Killed Grinder
  5329 | D:5      | Reached skill level 5 in Invocations
  5824 | D:6      | Noticed Edmund
  5840 | D:5      | Killed Edmund
  5898 | D:5      | Reached skill level 1 in Evocations
  5908 | D:6      | Reached * piety under Beogh
  6055 | D:6      | Reached XP level 9. HP: 72/75 MP: 14/14
  6284 | D:6      | Reached skill level 8 in Axes
  6549 | D:6      | Found a shimmering altar of Xom.
  6576 | D:6      | Learned a level 2 spell: Blink
  6581 | D:6      | Found Ydghai's Weapon Shop.
  6761 | D:6      | Reached skill level 9 in Axes
  7782 | D:7      | Reached ** piety under Beogh
  7896 | D:7      | Reached XP level 10. HP: 88/88 MP: 15/15
  8527 | D:7      | Noticed Harold
  8571 | D:7      | Killed Harold
  8815 | D:8      | Reached skill level 10 in Fighting
  9367 | D:8      | Reached skill level 10 in Axes
  9879 | D:9      | Reached *** piety under Beogh
  9883 | D:9      | Found a runed translucent gate.
  9883 | D:9      | Noticed valeric's ghost (novice HOFi)
  9884 | D:9      | Found a runed translucent gate.
  9884 | D:9      | Found a runed translucent gate.
 10042 | D:9      | Noticed a two-headed ogre
 10053 | D:9      | Killed a two-headed ogre
 10151 | D:9      | Reached XP level 11. HP: 96/99 MP: 16/16
 10152 | D:9      | Found a staircase to the Lair.
 10152 | D:9      | Noticed a death yak
 10181 | D:9      | Killed a death yak
 10891 | D:10     | Entered Level 10 of the Dungeon
 11001 | D:10     | Reached skill level 11 in Axes
 11096 | D:10     | Found a runed translucent gate.
 11098 | D:10     | Found a runed translucent gate.
 11099 | D:10     | Found a runed translucent gate.
 11101 | D:10     | Noticed iamserjio's ghost (journeyman OpWn)
 11901 | D:10     | Found Vironwee's Distillery.
 11934 | D:10     | Killed an unseen horror
 12514 | D:9      | Killed valeric's ghost
 12514 | D:9      | Reached skill level 12 in Axes
 12791 | D:11     | Found a staircase to the Orcish Mines.
 13158 | D:11     | Noticed Josephine
 13174 | D:11     | Killed Josephine
 13174 | D:11     | Reached XP level 12. HP: 48/110 MP: 17/17
 13183 | D:11     | Reached skill level 10 in Armour
 13234 | D:11     | Reached **** piety under Beogh
 13565 | D:11     | Found a roughly hewn altar of Beogh.
 13591 | D:11     | Paralysed by a big kobold for 7 turns
 13889 | Lair:1   | Entered Level 1 of the Lair of Beasts
 14177 | Lair:1   | Reached skill level 10 in Shields
 15140 | Lair:2   | Reached skill level 5 in Evocations
 15170 | Lair:2   | Reached skill level 13 in Axes
 15245 | Lair:2   | Noticed Nergalle
 15257 | Lair:2   | Killed Nergalle
 16242 | Lair:3   | Found a staircase to the Shoals.
 16459 | Lair:3   | Found a hole to the Spider Nest.
 16867 | Lair:3   | Noticed a catoblepas
 16890 | Lair:3   | Killed a catoblepas
 17051 | Lair:4   | Reached XP level 13. HP: 116/118 MP: 19/19
 17957 | Lair:5   | Found a viscous altar of Jiyva.
 17957 | Lair:5   | Found a staircase to the Slime Pits.
 18278 | Lair:5   | Gained Bogbarth as an ally
 18336 | Lair:5   | Reached skill level 14 in Axes
 18712 | Lair:6   | Entered Level 6 of the Lair of Beasts
 18721 | Lair:6   | Reached ***** piety under Beogh
 19184 | Lair:6   | Noticed Rupert
 19191 | Lair:6   | Paralysed by Rupert for 5 turns
 19195 | Lair:6   | Your ally Bogbarth died
 19199 | Lair:6   | Gained Murdo as an ally
 19200 | Lair:6   | Your ally Murdo died
 19208 | Lair:6   | Killed Rupert
 19699 | Lair:6   | Reached skill level 15 in Axes
 19790 | Lair:6   | Reached XP level 14. HP: 129/129 MP: 20/20
 19855 | Lair:6   | Gained Borgun as an ally
 20538 | Orc:1    | Entered Level 1 of the Orcish Mines
 20830 | Orc:2    | Entered Level 2 of the Orcish Mines
 20881 | Orc:2    | Reached ****** piety under Beogh
 20971 | Orc:2    | Paralysed by an orc sorcerer for 4 turns
 21074 | Orc:2    | Found a roughly hewn altar of Beogh.
 21189 | Orc:2    | Reached skill level 10 in Invocations
 21195 | Orc:2    | Your ally Borgun died
 21225 | Orc:2    | Gained Murdo as an ally
 21238 | Orc:2    | Found Kuov's Food Shoppe.
 21238 | Orc:2    | Found Kogafiz's Magic Scroll Boutique.
 21240 | Orc:2    | Found Deppo's Armour Shop.
 21240 | Orc:2    | Found Wepnaurr's Antique Armour Shoppe.
 21249 | Orc:2    | Reached skill level 16 in Axes
 21297 | Orc:2    | Bought a scroll of holy word for 105 gold pieces
 21298 | Orc:2    | Bought a faintly glowing hat for 279 gold pieces
 21303 | Orc:2    | Identified the +1 hat "Beile" {rF- rC++ rCorr Dex+2} (You
                  | bought it in a shop on level 2 of the Orcish Mines)
 21304 | Orc:2    | Bought a +1 buckler of protection for 264 gold pieces
 21350 | Orc:2    | Found a roughly hewn altar of Beogh.
 21374 | Orc:2    | Paralysed by an orc sorcerer for 6 turns
 21505 | Orc:2    | Found a staircase to the Elven Halls.
 21738 | D:12     | Found Ynkaxyer's Gadget Shoppe.
 21805 | D:12     | Found a frozen archway.
 21806 | D:12     | Noticed Nessos
 21825 | D:12     | Gained Oruk as an ally
 21839 | D:12     | Your ally Oruk died
 21852 | D:12     | Killed Nessos
 22051 | IceCv    | Entered an ice cave
 22314 | IceCv    | Reached skill level 5 in Dodging
 22442 | IceCv    | Reached XP level 15. HP: 109/138 MP: 22/22
 23072 | D:12     | Bought a lamp of fire for 560 gold pieces
 23072 | D:12     | Bought a fan of gales for 560 gold pieces
 23080 | D:12     | Identified a scroll of acquirement
 24436 | D:13     | Gained Hawl as an ally
 24596 | D:13     | Found a gate to the Vaults.
 25352 | D:14     | Reached skill level 15 in Fighting
 25380 | D:14     | You fall into a shaft and drop 1 floor!
 25380 | D:15     | Entered Level 15 of the Dungeon
 25880 | D:15     | Identified Roxanne's Handbook of Earth
 25880 | D:15     | Noticed Roxanne
 25891 | D:15     | Killed Roxanne
 25891 | D:15     | Gained Okrist as an ally
 26157 | D:15     | Reached skill level 17 in Axes
 26177 | D:15     | Found a staircase to the Depths.
 27105 | Shoals:1 | Entered Level 1 of the Shoals
 27114 | Shoals:1 | Your ally Murdo died
 27120 | Shoals:1 | Gained Orik as an ally
 27121 | Shoals:1 | Reached XP level 16. HP: 149/149 MP: 22/24
 27123 | Shoals:1 | Gained Orik as an ally
 27171 | Shoals:1 | Reached skill level 18 in Axes
 27382 | Shoals:1 | Identified the +2 broad axe of the Butterfly {chop, rPois
                  | rC- Int+10} (You acquired it on level 1 of the Shoals)
 28480 | Shoals:2 | Your ally Murdo died
 29119 | Shoals:2 | Noticed a kraken
 29129 | Shoals:2 | Killed a kraken
 29145 | Shoals:2 | Gained Boldo as an ally
 30802 | Shoals:4 | Entered Level 4 of the Shoals
 31208 | Shoals:4 | Your ally Hawl died
 31216 | Shoals:4 | Your ally Okrist died
 31228 | Shoals:4 | Your ally Boldo died
 31554 | Shoals:4 | Got a barnacled rune of Zot
 31899 | Shoals:4 | Reached XP level 17. HP: 156/159 MP: 25/25
 32016 | Shoals:4 | Found the ring of Shadows {Umbra +Inv Stlth+}
 32913 | Spider:1 | Entered Level 1 of the Spider Nest
 33083 | Spider:1 | Reached skill level 15 in Armour
 34548 | Spider:2 | Reached skill level 15 in Shields
 35137 | Spider:2 | Noticed Frances
 35145 | Spider:2 | Killed Frances
 35282 | Spider:3 | Gained Grimold as an ally
 35411 | Spider:3 | Reached skill level 19 in Axes
 35427 | Spider:3 | Noticed Aizul
 35439 | Spider:3 | Killed Aizul
 36468 | Spider:4 | Entered Level 4 of the Spider Nest
 36626 | Spider:4 | Your ally Grimold died
 36673 | Spider:4 | Noticed Mara
 36688 | Spider:4 | Killed Mara
 36688 | Spider:4 | Reached XP level 18. HP: 40/169 MP: 23/27
 38094 | Spider:4 | Got a gossamer rune of Zot
 38764 | Elf:1    | Entered Level 1 of the Elven Halls
 38866 | Elf:1    | Noticed Jorgrun
 38877 | Elf:1    | Killed Jorgrun
 39224 | Elf:1    | Found a magical portal.
 39232 | WizLab   | Entered Iskenderun's Mystic Tower
 39285 | WizLab   | Killed from afar by a purple draconian

Levels and vault maps discovered:
D:1:      psy_arrival_spokes, layout_loops_ring
D:2:      minmay_chambers_of_twos, layout_basic
D:3:      layout_basic
D:4:      layout_rooms, minmay_temple_entry_junction, first_ration
D:5:      layout_basic, nicolae_gozag_zags_fifth_avenue, uniq_grinder
D:6:      layout_cave_pools, serial_shops, shop, chequers_decorated_corner,
          xom_teletrap_fun, uniq_edmund
D:7:      minmay_bubble_buster, layout_basic, serial_corexii_hall,
          corexii_hall_statues_deadend, corexii_hall_statues_t,
          chequers_hall_statues_y, corexii_hall_statues_i,
          chequers_hall_statues_corner_a, corexii_hall_statues_i, the_bakery,
          uniq_harold
D:8:      layout_loops_corners
D:9:      layout_basic, david_lair_generic, ebering_ghost_rock_garden
D:10:     layout_long_grid, serial_co_window_serial, co_window_corner_a,
          co_window_of_opportunity_a, co_window_of_opportunity_a,
          co_window_paths_b, co_window_of_opportunity_a, co_window_paths_c,
          co_window_of_opportunity_b, co_window_unsneaky_path_c, co_window_sun,
          glass_columns_c, glass_columns_b, glass_columns_c, glass_columns_a,
          serial_shops, nicolae_shop_trees, gammafunk_ghost_necromancy,
          minivault_26
D:11:     layout_rooms, minmay_orc_entry_temple_small, uniq_josephine
D:12:     layout_stronghold, portal_ice_cave_entry_animals_and_master,
          serial_shops, shop, uniq_nessos
D:13:     layout_gridville, erik_vaults_2, serial_co_window_serial,
          co_window_paths_b, co_window_paths_a, co_window_cross_1,
          co_window_corner_a, co_window_corner_a, co_window_corner_cb,
          co_window_2corner, co_window_2corner, co_window_4corner_a,
          co_window_4corner_b, glass_columns_b, glass_columns_b,
          glass_columns_b, glass_columns_a, glass_columns_c
D:14:     layout_big_octagon
D:15:     gammafunk_enter_depths_forms, layout_loops_ring,
          chequers_serial_rivers_micro_b, uniq_roxanne
Lair:1:   layout_cave_pods
Lair:2:   layout_hall_layers, lemuel_fruit_tree, uniq_nergalle
Lair:3:   layout_roguey, minmay_shoals_entry_centaurs,
          spider_nest_entry_web_field, hibernation_bobbens,
          infiniplex_staircase_pool_2
Lair:4:   layout_concentric_octagons, lemuel_old_faithful, grunt_megastairs_2,
          serial_bayou_shore_a
Lair:5:   layout_misc_corridors, slime_altar_1, chequers_serial_rivers_micro_e,
          beast_lair_carwin_10
Lair:6:   hangedman_lair_caniforms_friends, layout_misc_corridors,
          minmay_lair_oklob_bushes, uniq_rupert
Shoals:1: layout_shoals, st_cyclops
Shoals:2: layout_shoals
Shoals:3: layout_shoals
Shoals:4: shoals_end_grunt_ice, layout_shoals
Spider:1: layout_spider_delve, drop_trap
Spider:2: layout_spider_delve, uniq_frances
Spider:3: layout_chambers, drop_trap, uniq_aizul
Spider:4: grunt_spider_rune_parallel, einodemon_crawler_minivault, uniq_mara
Orc:1:    layout_caves
Orc:2:    st_orc_ogre_mass, layout_diamond_mine, basic_altar,
          minmay_orc_temple_c
Elf:1:    layout_geoelf_octagon, mu_enter_wizlab_6, minmay_elf_demonology,
          drop_trap, uniq_jorgrun
WizLab:   wizlab_iskenderun

Skill      XL: |  1  2  3  4  5  6  7  8  9 10 11 12 13 14 15 16 17 18 |
---------------+-------------------------------------------------------+-----
Axes           | 3 4 6 7 9 10 12 13 15 16 17 18 19 | 19.0
Fighting       | 4 6 8 10 11 12 13 14 15 16 17 18 | 18.0
Dodging        | 1 2 3 4 5 6 |  6.0
Armour         | 4 6 7 8 9 11 12 13 14 15 16 | 16.0
Shields        | 4 5 6 8 9 10 11 12 13 14 15 | 15.2
Invocations    | 7 9 10 11 12 | 12.0
Evocations     | 2 3 4 5 6 7 8 9 |  9.1

Action                   |  1- 3 |  4- 6 |  7- 9 | 10-12 | 13-15 | 16-18 || total
-------------------------+-------+-------+-------+-------+-------+-------++-------
Melee: War axe           |   106 |   151 |   372 |   725 |  1246 |    55 ||  2655
       Broad axe         |       |       |       |       |       |   901 ||   901
Throw: Stone             |    25 |    68 |    15 |    41 |    52 |       ||   201
       Dart              |     3 |     6 |     9 |    11 |       |       ||    29
       Boomerang         |       |       |   102 |   121 |    22 |    13 ||   258
       Throwing net      |       |       |       |     1 |       |       ||     1
Invok: Convert to Beogh  |       |     1 |       |       |       |       ||     1
       Smiting           |       |       |       |    10 |     2 |     2 ||    14
       Recall Orcish Fol |       |       |       |       |     6 |    15 ||    21
       Resurrection      |       |       |       |       |     1 |     2 ||     3
       Give Item to Name |       |       |       |       |       |     2 ||     2
Evoke: Wand              |       |       |     3 |     3 |     1 |     1 ||     8
  Use: Scroll            |     7 |     2 |     5 |    12 |     7 |     6 ||    39
       Potion            |     2 |     1 |     1 |     3 |     2 |     4 ||    13
 Stab: Paralysed         |       |       |     4 |       |       |       ||     4
       Held in net/web   |       |       |       |     3 |       |     3 ||     6
       Distracted        |       |       |       |     1 |     5 |     3 ||     9
       Petrified         |       |       |       |       |     6 |       ||     6
       Petrifying        |       |       |       |       |     1 |       ||     1
  Eat: Chunk             |     3 |     6 |     7 |    20 |    23 |    22 ||    81
       Ration            |       |       |     2 |     3 |     3 |     6 ||    14
Armor: Scale mail        |     5 |       |       |       |       |       ||     5
       Chain mail        |    41 |    88 |    90 |       |       |       ||   219
       Plate armour      |       |       |    85 |   347 |   519 |   385 ||  1336
Dodge: Dodged            |    23 |    33 |    65 |   143 |   245 |   195 ||   704
Block: Shield            |    49 |    72 |   163 |   485 |   559 |   799 ||  2127
       Reflection        |       |       |       |    15 |    28 |    36 ||    79
       Buckler           |       |       |       |       |   207 |       ||   207

Table legend:
 A = Non-vault XP
 B = Vault XP
 C = Vault XP percentage of total XP
 D = Non-vault monster count
 E = Vault monster count
 F = Vault count percentage of total count
                 A         B        C        D         E       F
            +---------+---------+-------+---------+---------+-------
      Total |  172672 |  113449 |  39.7 |     814 |     317 |  28.0
            +---------+---------+-------+---------+---------+-------
        D:1 |      22 |       0 |   0.0 |      14 |       0 |   0.0
        D:2 |      41 |      12 |  22.6 |      16 |       7 |  30.4
        D:3 |     318 |       0 |   0.0 |      40 |       0 |   0.0
        D:4 |     373 |       0 |   0.0 |      13 |       0 |   0.0
        D:5 |    1066 |     433 |  28.9 |      25 |       2 |   7.4
        D:6 |    1324 |       0 |   0.0 |      32 |       0 |   0.0
        D:7 |    1050 |    1613 |  60.6 |      21 |      13 |  38.2
        D:8 |    1588 |       0 |   0.0 |      12 |       0 |   0.0
        D:9 |    2281 |    2483 |  52.1 |      30 |       5 |  14.3
       D:10 |    4414 |       3 |   0.1 |      38 |       1 |   2.6
       D:11 |    1358 |    2075 |  60.4 |      22 |       9 |  29.0
       D:12 |    2305 |    3510 |  60.4 |      22 |       8 |  26.7
       D:13 |   11752 |    5263 |  30.9 |      40 |       8 |  16.7
       D:14 |    4431 |       0 |   0.0 |      19 |       0 |   0.0
       D:15 |    9375 |    6067 |  39.3 |      37 |      12 |  24.5
     Lair:1 |    2070 |       0 |   0.0 |      11 |       0 |   0.0
     Lair:2 |    3096 |     800 |  20.5 |      11 |       1 |   8.3
     Lair:3 |    4078 |    1165 |  22.2 |      25 |       3 |  10.7
     Lair:4 |    2281 |    1060 |  31.7 |      10 |       3 |  23.1
     Lair:5 |    2751 |    1816 |  39.8 |      11 |       9 |  45.0
     Lair:6 |    6347 |   12057 |  65.5 |      32 |      58 |  64.4
   Shoals:1 |   13395 |    2832 |  17.5 |      32 |       8 |  20.0
   Shoals:2 |   14022 |       0 |   0.0 |      28 |       0 |   0.0
   Shoals:3 |   11250 |       0 |   0.0 |      30 |       0 |   0.0
   Shoals:4 |    8136 |   14838 |  64.6 |      18 |      27 |  60.0
   Spider:1 |   19491 |       0 |   0.0 |      71 |       0 |   0.0
   Spider:2 |   11885 |    1539 |  11.5 |      40 |       1 |   2.4
   Spider:3 |   12624 |    1243 |   9.0 |      49 |       1 |   2.0
   Spider:4 |    8704 |   25424 |  74.5 |      23 |      55 |  70.5
      Orc:1 |     867 |       0 |   0.0 |       9 |       0 |   0.0
      Orc:2 |    2125 |   16007 |  88.3 |      18 |      48 |  72.7
      Elf:1 |    7852 |    2267 |  22.4 |      15 |       1 |   6.2
      IceCv |       0 |    6228 | 100.0 |       0 |      32 | 100.0
     WizLab |       0 |    4714 | 100.0 |       0 |       5 | 100.0
            +---------+---------+-------+---------+---------+-------
